General information
- name: BNet
- type: Ladder 1vs1/FFA
- host: Battle.net
- saver: sprt.0
map: LostTemple
- players: 2
- length: 36:00
- speed: Fast
- version: 1.24 W3XP
- replay type: Public
» download(91 KB)
Players
team 1 (loser)
HokagaeTsnadae (
pink | 16 APM | 581 actions | 35:59)
4 Warden
2 Fan of Knives
2 Blink
1 Priestess of the Moon
1 Trueshot Aura
» actions
| Assign group hotkey | 2 | |
| Build / train | 64 | |
| Enter build submenu | 31 | |
| Enter hero's abilities submenu | 5 | |
| Right click | 209 | |
| Select / deselect | 228 | |
| Select group hotkey | 3 | |
| Use ability | 39 | |
581 total
» units
| Wisp | 12 | |
| Archer | 15 | |
| Huntress | 9 | |
| Glaive Thrower | 7 | |
| Druid of the Talon | 2 | |
45 total
» upgrades
| Strength of the Moon | 1 | |
| Moon Armor | 1 | |
| Vorpal Blades | 1 | |
| Strength of the Wild | 1 | |
| Ultravision | 1 | |
| Improved Bows | 1 | |
| Druid of the Talon Training | 2 | |
| Reinforced Hides | 1 | |
| Hippogryph Taming | 1 | |
10 total
» buildings
| Altar of Elders | 1 | |
| Moon Well | 13 | |
| Ancient of War | 4 | |
| Hunter's Hall | 1 | |
| Tree of Ages | 1 | |
| Ancient of Lore | 1 | |
| Ancient of Wind | 2 | |
| Tree of Life | 3 | |
| Tree of Eternity | 1 | |
27 total
» build order
00:13 Altar of Elders
00:20 Moon Well
01:19 Ancient of War
01:27 Ancient of War
02:30 Ancient of War
02:51 Moon Well
03:52 Moon Well
05:00 Hunter's Hall
07:30 Moon Well
07:49 Moon Well
08:54 Moon Well
10:45 Moon Well
10:49 Tree of Ages
13:13 Ancient of Lore
13:32 Ancient of Wind
14:06 Ancient of War
14:16 Ancient of Wind
16:16 Tree of Life
16:53 Moon Well
16:56 Moon Well
17:54 Moon Well
17:56 Moon Well
17:59 Tree of Eternity
18:33 Tree of Life
19:52 Moon Well
19:54 Moon Well
21:55 Tree of Life
team 2 (winner)
sprt.0 (
green | 61 APM | 2201 actions | 36:00)
5 Archmage
2 Blizzard
3 Brilliance Aura
4 Blood Mage
2 Flame Strike
1 Banish
1 Siphon Mana
» actions
| Assign group hotkey | 34 | |
| Basic commands | 128 | |
| Build / train | 118 | |
| ESC pressed | 1 | |
| Enter build submenu | 56 | |
| Enter hero's abilities submenu | 9 | |
| Give item / drop item | 4 | |
| Right click | 967 | |
| Select / deselect | 363 | |
| Select group hotkey | 312 | |
| Use ability | 209 | |
2201 total
» units
| Peasant | 35 | |
| Sorceress | 4 | |
| Mortar Team | 3 | |
| Goblin Shredder | 1 | |
43 total
» upgrades
| Masonry | 3 | |
| Gunpowder | 3 | |
| Sorceress Training | 2 | |
| Magic Sentry | 1 | |
| Fragmentation Shards | 1 | |
| Flare | 1 | |
| Lumber Harvesting | 1 | |
| Armor | 3 | |
| Flak Cannons | 1 | |
| Flying Machine Bombs | 1 | |
17 total
» buildings
| Altar of Kings | 2 | |
| Farm | 10 | |
| Arcane Vault | 1 | |
| Lumber Mill | 1 | |
| Scout Tower | 29 | |
| Arcane Tower | 4 | |
| Guard Tower | 15 | |
| Town Hall | 2 | |
| Keep | 1 | |
| Blacksmith | 1 | |
| Arcane Sanctum | 1 | |
| Castle | 1 | |
| Workshop | 3 | |
| Gryphon Aviary | 3 | |
74 total
» build order
00:05 Altar of Kings
00:08 Altar of Kings
00:34 Farm
00:36 Farm
00:45 Arcane Vault
00:52 Lumber Mill
01:05 Scout Tower
02:05 Arcane Tower
02:33 Farm
02:57 Scout Tower
02:59 Scout Tower
03:00 Scout Tower
03:01 Scout Tower
03:02 Scout Tower
03:35 Guard Tower
03:36 Guard Tower
03:36 Guard Tower
04:55 Scout Tower
05:14 Scout Tower
05:15 Scout Tower
05:18 Scout Tower
05:19 Arcane Tower
05:48 Guard Tower
05:56 Town Hall
06:28 Scout Tower
06:30 Scout Tower
06:30 Scout Tower
06:40 Scout Tower
06:41 Scout Tower
06:50 Scout Tower
07:00 Guard Tower
07:04 Guard Tower
07:44 Farm
07:56 Guard Tower
08:26 Guard Tower
08:38 Guard Tower
08:52 Scout Tower
08:52 Scout Tower
08:53 Scout Tower
08:55 Keep
08:57 Scout Tower
08:57 Scout Tower
09:06 Scout Tower
09:09 Scout Tower
09:54 Guard Tower
10:06 Arcane Tower
10:06 Guard Tower
10:18 Blacksmith
10:33 Scout Tower
10:34 Scout Tower
10:36 Scout Tower
10:38 Scout Tower
10:43 Arcane Tower
10:44 Guard Tower
11:12 Guard Tower
11:25 Arcane Sanctum
11:40 Guard Tower
11:44 Castle
11:54 Workshop
11:54 Workshop
11:57 Workshop
12:00 Farm
12:00 Farm
12:00 Farm
12:59 Farm
12:59 Farm
14:06 Farm
18:59 Scout Tower
19:00 Scout Tower
19:21 Gryphon Aviary
19:22 Gryphon Aviary
19:22 Gryphon Aviary
20:02 Guard Tower
35:07 Town Hall
» items
| Scroll of Regeneration | 5 | |
| Mechanical Critter | 1 | |
| Potion of Healing | 6 | |
| Potion of Mana | 1 | |
| Lesser Clarity Potion | 2 | |
| Boots of Speed | 2 | |
| Staff of Teleportation | 1 | |
| Periapt of Vitality | 1 | |
| Staff of Sanctuary | 2 | |
| Scroll of Town Portal | 3 | |
24 total
Chat log
(22:12 / All) sprt.0: never base race a human :)
(22:41 / All) HokagaeTsnadae: oh wow like i never saw that shit before
(22:46 / All) sprt.0: so why did it work
(22:57 / All) HokagaeTsnadae: i did it also
(22:58 / All) sprt.0: if you knew what was coming
(23:08 / All) sprt.0: i know how to do it, i also know how to not fall for it
(23:28 / All) sprt.0: suiciding your glaives in anger?
(23:33 / All) HokagaeTsnadae: play me again im not tht good wit night elf
(23:45 / All) sprt.0: obviously
(23:54 / All) HokagaeTsnadae: y or no
(23:57 / All) sprt.0: sure
(24:01 / All) sprt.0: dont get so mad over a video game tho
(24:06 / All) sprt.0: just say gg and dont cry like that
(24:18 / All) HokagaeTsnadae: invite me and shut the fuk up
(24:20 / All) sprt.0: lmao
(24:25 / All) sprt.0: now im not gonna
(24:26 / All) HokagaeTsnadae: plz
(24:29 / All) sprt.0: you need to learn some manners
(24:38 / All) HokagaeTsnadae: dont b that dat
(24:44 / All) sprt.0: speak english, please
(24:46 / All) HokagaeTsnadae: play me again
(25:03 / All) sprt.0: this was such a boring, unchallenging game
(25:04 / All) sprt.0: sigh
(25:21 / All) HokagaeTsnadae: yeah i know
(25:35 / All) sprt.0: well boring and unchallenging for me
(25:39 / All) HokagaeTsnadae: play me agian and c if u win
(25:46 / All) sprt.0: shit talking wont get you a rematch
(25:49 / All) sprt.0: fyi
(26:00 / All) HokagaeTsnadae: fy pussy
(26:09 / All) sprt.0: its a video game on the internet man
(26:13 / All) HokagaeTsnadae: bitchass
(26:16 / All) sprt.0: dont take it so personal
(26:17 / All) sprt.0: :)
(26:32 / All) HokagaeTsnadae: fucku ok
(26:40 / All) HokagaeTsnadae: pussy ass
(26:41 / All) sprt.0: do you even speak english?
(27:05 / All) HokagaeTsnadae: u getting plenty of it know
(27:16 / All) sprt.0: getting plenty of what?
(27:41 / All) HokagaeTsnadae: fucking ENGLISH shit 4 brains
(27:49 / All) sprt.0: that wasnt english...
(27:58 / All) sprt.0: Some misguided attempt at english, yes
(28:14 / All) sprt.0: wow, you knew i was expanding and you lost units on red creeps
(28:17 / All) sprt.0: what were you thinking
(28:36 / All) HokagaeTsnadae: fuck up
(28:41 / All) sprt.0: fuck up?
(28:45 / All) sprt.0: i think you mean "shut" the fuck up
(28:58 / All) sprt.0: thats the classical response to correct criticism
(29:02 / All) sprt.0: when it angers you
(29:07 / All) HokagaeTsnadae: so u do understand english
(29:14 / All) sprt.0: of course i understand english
(29:17 / All) HokagaeTsnadae: no
(29:21 / All) sprt.0: im trying to figure out what youre saying
(29:32 / All) sprt.0: dealing with uneducated people isnt always easy but i try
(29:41 / All) HokagaeTsnadae: lol
(29:51 / All) HokagaeTsnadae: very funny
(30:00 / All) sprt.0: thanks but it wasnt meant as humor
(30:07 / All) sprt.0: you dont make yourself sound very intelligent
(30:12 / All) HokagaeTsnadae: ooohhh
(30:19 / All) sprt.0: you lose a video game online and get pissed
(30:25 / All) sprt.0: internet tough guys are rarely smart
(30:31 / All) HokagaeTsnadae: ha
(30:39 / All) HokagaeTsnadae: ou and u r
(30:46 / All) HokagaeTsnadae: not likely
(31:26 / All) HokagaeTsnadae: i bet your just some pussy ass bicth that cant get lais for the life of u
(31:37 / All) HokagaeTsnadae: bitch ass
(31:38 / All) sprt.0: no, you make assumptions to satisfy your feelings of insecurity
(31:47 / All) sprt.0: see when you say that, you just make me realize i hit a nerve...
(32:00 / All) HokagaeTsnadae: wow
(32:09 / All) HokagaeTsnadae: shut the uck up
(32:18 / All) sprt.0: nah
(32:22 / All) sprt.0: you can always leave
(32:31 / All) HokagaeTsnadae: sure i know
(32:46 / All) HokagaeTsnadae: but i want 2 make your earn this win
(32:52 / All) sprt.0: if thats true
(33:00 / All) sprt.0: why are you letting yourself be revealed
(33:10 / All) sprt.0: not very effective...
(33:12 / All) HokagaeTsnadae: cus i want aremacth
(33:21 / All) sprt.0: now youre backpedaling
(33:22 / All) HokagaeTsnadae: a remacth
(33:28 / All) HokagaeTsnadae: lol
(33:33 / All) sprt.0: you just said you want to make me earn this win by hiding
(33:33 / All) HokagaeTsnadae: very funny
(33:38 / All) sprt.0: then 5 sec later you get revealed
(33:45 / All) HokagaeTsnadae: so
(33:53 / All) sprt.0: so why embarass yourself
(34:08 / All) HokagaeTsnadae: play me again
(34:14 / All) sprt.0: mmhm
(34:27 / All) sprt.0: btw you really shouldnt let losing bother u so much
(35:01 / All) sprt.0: on this acct i stay above 95%, so im used to people getting pissedand crying rematch :\